cohdb
Replays
Latest Replays
All Replays
Popular Replays
Top Player Replays
Match Explorer
How It Works
Community
CoH3 Stats
Reddit
Sign in to upload your games and track your stats! →
Sign in with Steam
Match 44814597
Unlisted
Match 44814597
Overview
Messages
Build Orders
End
Vickers Machine Gun Team
Construct Section Command Post
Dingo Light Scout Car
Infantry Section
Infantry Section
Construct Platoon Command Post
Unlock Bishop Self-propelled Artillery
6-pounder Anti-tank Gun Team
Selects Canadian Shock Battlegroup
Selects Offensive Resupply
Selects Canadian Shock Section
Selects Incendiary Munitions
Canadian Shock Section
Bishop Self-propelled Artillery
Infantry Section
Construct Field Infirmary
Bishop Self-propelled Artillery
6-pounder Anti-tank Gun Team
Selects Pyrotechnics
Infantry Section
勇于撤退先遣兵
Misumi Uika
Lucuze
睦子米酱
SMOKO
EMERGENCY ACTION MESSAGE: ZULU!
sgt
Gwangju's Hero Chun Doo-gwang
0
0
Comments
sign in to comment!
No comments posted yet!